 Dungeon Crawl Stone Soup version 0.26.1-2-gb8aa6d0cf2 (webtiles) character file.

Game seed: 14906161636648032691

1536 RaHiT the Covert (level 8, -7/82 HPs)
             Began as an Octopode Delver on Mar 21, 2021.
             Was a Follower of Cheibriados.
             Splashed by Pikel's acid (10 damage)
             ... on level 7 of the Dungeon.
             The game lasted 00:32:41 (6022 turns).

RaHiT the Covert (Octopode Delver)                  Turns: 6022, Time: 00:32:42

Health: -7/82      AC: 20    Str: 14    XL:     8   Next: 86%
Magic:  0/11       EV:  2    Int: 17    God:    Cheibriados [*.....]
Gold:   519        SH:  0    Dex: 23    Spells: 9/11 levels left

rFire    . . .     SeeInvis .     - Unarmed
rCold    . . .     Faith    .   (no shield)
rNeg     + + +     Spirit   +   (helmet currently unavailable)
rPois    +         Reflect  .   E - amulet of guardian spirit
rElec    .         Harm     .   q - +4 ring of evasion
rCorr    .         Rampage  .   w - +6 ring of dexterity
Will     .....     NoTele   +   (no ring)
Stlth    ++++......             (no ring)
HPRegen  0.23/turn              (no ring)
MPRegen  0.12/turn              (no ring)
                                (no ring)
                                (no ring)

@: tree-form, corroded, very slow
A: almost no armour, stealthy swim, (amphibious), 8 rings, (constrict 8)
a: Renounce Religion, Bend Time


You were on level 7 of the Dungeon.
You worshipped Cheibriados.
Cheibriados was aware of your devotion.
You were a tree.
You visited 2 branches of the dungeon, and saw 9 of its levels.

You collected 551 gold pieces.
You spent 32 gold pieces at shops.

Inventory:

Hand Weapons
 C - a +2 long sword of protection
Missiles
 b - 15 boomerangs
 g - 94 arrows
 i - 66 stones
 j - 21 poisoned darts (quivered)
 u - a javelin
 G - 5 atropa-tipped darts
Armour
 v - a +0 buckler
 y - a +2 hat (melded)
Magical Staves
 H - an uncursed staff of death {unknown}
Jewellery
 q - a +4 ring of evasion (left branch)
 w - a +6 ring of dexterity (right branch)
 E - an amulet of guardian spirit (around neck)
Wands
 e - a wand of digging (9)
 f - a wand of acid (7)
 k - a wand of polymorph (6)
Scrolls
 a - 3 scrolls of fog
 h - 4 scrolls of remove curse
 n - 2 scrolls of amnesia {unknown}
 p - a scroll of enchant armour
 t - 3 scrolls of teleportation {unknown}
 z - a scroll of magic mapping
 A - a scroll of blinking {unknown}
 F - a scroll of identify
Potions
 d - 3 potions of magic
 l - 3 potions of haste
 m - a potion of cancellation
 r - a potion of might
 s - 3 potions of brilliance
 x - 5 potions of curing


   Skills:
 - Level 5.0 Fighting
 * Level 3.6 Throwing
 - Level 5.0 Dodging
 - Level 8.0 Stealth
 - Level 5.0 Unarmed Combat
 + Level 2.3 Spellcasting
 - Level 5.0 Evocations


You had 9 spell levels left.
You knew the following spells:

 Your Spells              Type           Power        Failure   Level
a - Blink                 Tloc           N/A          28%         2

Your spell library contained the following spells:

 Spells                   Type           Power        Failure   Level
 Magic Dart               Conj           8%           19%         1
 Call Imp                 Summ           2%           28%         2
 Slow                     Hex            2%           28%         2
 Conjure Flame            Conj/Fire      2%           50%         3
 Mephitic Cloud           Conj/Pois/Air  2%           50%         3


Dungeon Overview and Level Annotations

Branches:
Dungeon (8/15)             Temple (1/1) D:4
   Lair: D:8-11

Altars:
Ashenzari
Cheibriados
Dithmenos
Elyvilon
Fedhas
Gozag
Hepliaklqana
Kikubaaqudgha
Makhleb
Okawaru
Qazlal
Ru
Sif Muna
Trog
Uskayaw
Vehumet
Wu Jian
Xom
Yredelemnul
Zin
The Shining One

Shops:
D:5 (   D:7 =

Annotations:
D:5 1 runed translucent door, grovkorv's ghost, novice DsAE
D:7 Pikel


Innate Abilities, Weirdness & Mutations

You cannot wear most types of armour.
You are very stealthy in the water. (Stealth+)
((You are amphibious.))
You can wear up to eight rings at the same time.
((You can use your tentacles to constrict eight enemies at once.))
((Your skin changes colour to match your surroundings (Stealth+).))
((Your rubbery body absorbs attacks. (AC +1, EV +1)))


Message History

There is a stone staircase leading down here.
You barely miss Pikel. Your grab misses Pikel.
Pikel hits you with a +2 whip of freezing!
Pikel freezes you.
You tentacle-slap Pikel. Your grab misses Pikel. You squeeze Pikel.
Pikel is lightly wounded.
Pikel says, "Hell isn't that bad."
Pikel zaps a wand.
The bolt of acid hits you!
You are splashed with acid!
* * * LOW HITPOINT WARNING * * *
Really quaff the potion of lignification?
You turn into a tree.
Your +2 hat melds into your body.
Your roots penetrate the ground.
Pikel hits you with a +2 whip of freezing.
* * * LOW HITPOINT WARNING * * *
Pikel freezes you.
* * * LOW HITPOINT WARNING * * *
You feel better.
Pikel zaps a wand.
The bolt of acid hits you!
* * * LOW HITPOINT WARNING * * *
The acid corrodes you!
You are splashed with acid!
You die...

#.#..#.#####.#.##### #.#
..#..#.# #)#.# #.# .....#.##
#.#.# #.# ........# #.#.#
#.## .###.#..####.#.# #..#
..##.#..)......#### ##.#
.....#.....#......# #!#
..##.#.###.#..###.## #.#
.###.#[# #.....†♣K.# #.#
..##.#.###.##.###).# #.#
#.##.#.....##.###..# #)#
.∩.......###)..##..########)#
#.##..##..)))...............#
#.###.##.##.###.##.........##
#)# #.##....###.##########.#
#.# #.#####.#.#.# #.# #.###.#
#.....# #.#


You could see Pikel.

Vanquished Creatures
  Duvessa (D:7)
  A phantom (D:7)
  An orc warrior (D:7)
  An ogre (D:7)
  2 centaurs
  2 bullfrogs
  3 scorpions
  Dowan (D:7)
  3 orc priests
  An orc wizard (D:6)
  Crazy Yiuf (D:3)
  A hound (D:4)
  A jelly (D:6)
  A centaur skeleton (D:6)
  2 iguanas
  4 worker ants
  Ijyb (D:3)
  A hound skeleton (D:4)
  2 gnolls (D:7)
  8 adders
  A shadow imp (D:6)
  2 white imps (D:6)
  2 ufetubi (D:5)
  An ooze (D:2)
  An adder skeleton (D:6)
  An adder zombie (D:5)
  3 worms
  5 dart slugs
  3 leopard geckos
  18 orcs
  5 giant cockroaches
  5 goblins
  2 hobgoblins (D:2)
  14 jackals
  7 kobolds
  A quokka (D:4)
  6 bats
  4 frilled lizards
  A quokka skeleton (D:7)
  A quokka zombie (D:7)
  9 rats
130 creatures vanquished.

Vanquished Creatures (others)
  An orc (D:7)
  A fungus (D:3)
2 creatures vanquished.

Grand Total: 132 creatures vanquished

Notes
Turn   | Place    | Note
-------+----------+-------------------------------------------
     0 | D:5      | RaHiT the Octopode Delver began the quest for the Orb.
     0 | D:5      | Reached XP level 1. HP: 16/16 MP: 1/1
    17 | D:4      | Reached skill level 7 in Stealth
    17 | D:4      | Reached skill level 1 in Spellcasting
    17 | D:4      | Reached XP level 2. HP: 21/21 MP: 1/3
    33 | D:5      | Noticed a scorpion
    42 | D:5      | Killed a scorpion
    43 | D:5      | Reached XP level 3. HP: 14/26 MP: 2/4
    43 | D:5      | Reached XP level 4. HP: 17/31 MP: 2/5
    65 | D:5      | Found Vicumis's Antique Weapon Shoppe.
    75 | D:5      | HP: 1/31 [poisoned by a scorpion]
    82 | D:5      | HP: 1/31 [poisoned by a scorpion]
   108 | D:5      | Noticed a centaur
   506 | D:4      | Found an ornate altar of the Wu Jian Council.
   585 | D:3      | Found a stormy altar of Qazlal.
   589 | D:3      | Reached XP level 5. HP: 36/36 MP: 6/6
  1880 | D:2      | Learned a level 2 spell: Blink
  2248 | D:3      | Noticed Ijyb
  2258 | D:3      | Killed Ijyb
  2259 | D:3      | Reached XP level 6. HP: 39/42 MP: 7/7
  2614 | D:3      | Reached skill level 8 in Stealth
  2767 | D:3      | Found a runed translucent door.
  2768 | D:3      | Noticed Crazy Yiuf
  2775 | D:3      | Killed Crazy Yiuf
  2838 | D:4      | Reached skill level 1 in Evocations
  3292 | D:4      | Reached XP level 7. HP: 45/46 MP: 10/10
  3320 | D:4      | Found a staircase to the Ecumenical Temple.
  3329 | Temple   | Entered the Ecumenical Temple
  3487 | Temple   | Became a worshipper of Cheibriados the Contemplative
  3676 | D:5      | Found a runed translucent door.
  3676 | D:5      | Noticed grovkorv's ghost (novice DsAE)
  4151 | D:6      | Reached skill level 5 in Evocations
  4339 | D:6      | Found a white marble altar of Elyvilon.
  4554 | D:6      | Reached skill level 1 in Throwing
  4559 | D:6      | Reached * piety under Cheibriados
  4562 | D:6      | Reached XP level 8. HP: 44/54 MP: 9/11
  5083 | D:7      | Reached skill level 5 in Fighting
  5097 | D:7      | Found Antaf's Jewellery Boutique.
  5107 | D:7      | Bought a cursed amulet of inaccuracy for 32 gold pieces
  5187 | D:7      | Noticed Duvessa
  5187 | D:7      | Noticed Dowan
  5194 | D:7      | Killed Dowan
  5195 | D:7      | Reached skill level 5 in Unarmed Combat
  5223 | D:7      | Killed Duvessa
  5428 | D:7      | Reached skill level 5 in Dodging
  5896 | D:8      | Noticed Pikel
  6022 | D:7      | HP: 3/82 [Pikel/bolt of acid (15)]
  6022 | D:7      | Splashed by Pikel's acid

Illustrated notes

Levels and vault maps discovered:
D:1:      roderic_dead_forest, layout_rooms, serial_curves, eino_curves_03,
          eino_curves_03, eino_curves_02, eino_curves_02
D:2:      mumra_celtic_spiral_tile, layout_loops_corners, hex_tiny
D:3:      layout_basic, grunt_qazlal_sundering, uniq_ijyb,
          uniq_crazy_yiuf_cottage
D:4:      layout_loops_ring, minmay_temple_entry_statues_fountains,
          amcnicky_altar_gilded
D:5:      layout_rooms, gammafunk_ghost_grave, serial_shops,
          nicolae_shop_temple_entry_statues_fountains
D:6:      layout_loops_ring, elyvilon_altar_3, fountainhead
D:7:      layout_loops_ring, serial_shops, nicolae_shop_crystal, uniq_duvessa
D:8:      minmay_slanted_spiral_squares, layout_cave_pools, old_standard_altar,
          uniq_pikel
Temple:   regret_index_temple_chain_breaker

Skill      XL: |  1  2  3  4  5  6  7  8 |
---------------+-------------------------+-----
Stealth        | 7 8 |  8.0
Spellcasting   | 1 2 |  2.3
Unarmed Combat | 3 4 5 |  5.0
Dodging        | 4 5 |  5.0
Evocations     | 2 5 |  5.0
Fighting       | 4 5 |  5.0
Throwing       | 2 3 |  3.6

Action                   |  1- 3 |  4- 6 |  7- 9 || total
-------------------------+-------+-------+-------++-------
Melee: Unarmed           |     7 |       |   152 ||   159
       Constrict         |     3 |    35 |    36 ||    74
       Tentacles         |     2 |    26 |    46 ||    74
       Rapier            |     5 |   136 |     5 ||   146
       Punch             |       |     4 |     7 ||    11
Throw: Stone             |       |    18 |    11 ||    29
       Dart              |       |     4 |    32 ||    36
       Javelin           |       |     4 |     2 ||     6
       Boomerang         |       |       |     4 ||     4
Evoke: Wand              |       |     1 |     7 ||     8
  Use: Scroll            |     1 |     4 |     7 ||    12
       Potion            |       |     3 |     4 ||     7
 Stab: Sleeping          |     2 |    25 |     6 ||    33
       Invisible         |       |     1 |       ||     1
       Distracted        |       |       |     1 ||     1
Armor: Skin              |       |     4 |    20 ||    24
Dodge: Dodged            |     5 |    57 |   123 ||   185
